 Dungeon Crawl Stone Soup version 0.31.0-7-gf635a9b802 (webtiles) character file.

Game seed: 3747318800631130339

35549 Esekla the Carver (level 13, -7/109 HPs)
             Began as a Tengu Warper on Jan 23, 2024.
             Was a High Priest of Vehumet.
             Constricted to death by Jorgrun (18 damage)
             ... on level 1 of the Orcish Mines.
             The game lasted 01:51:35 (17059 turns).

Esekla the Carver (Tengu Warper)                   Turns: 17059, Time: 01:51:36

Health: -7/109     AC: 34    Str: 16    XL:     13   Next: 84%
Magic:  27/27      EV: -1    Int: 18    God:    Vehumet [*****.]
Gold:   1034       SH:  0    Dex: 25    Spells: 3/30 levels left

rFire   . . .        a - +6 falchion of Ongo {heavy, Str+4 Dex+5 Stlth-}
rCold   . . .        (no shield)
rNeg    . . .        j - melded +3 leather armour {Will+}
rPois   +            (helmet currently unavailable)
rElec   .            e - melded +1 cloak
rCorr   .            n - melded +0 pair of gloves
SInv    .            (boots unavailable)
Will    .....        f - amulet of magic regeneration Stlth
                     i - ring of poison resistance
HPRegen 0.38/turn    D - +6 ring of dexterity
MPRegen 0.60/turn

%: acrobat
@: confused, ice-armoured, tree-form, ambrosia-drunk, grasped by roots,
constricted
A: stationary, stasis, torment immunity, boosted hp, (beak), (talons 3), evasive
flight, acrobatic
a: Renounce Religion


You were on level 1 of the Orcish Mines.
You worshipped Vehumet.
Vehumet was extremely pleased with you.
You were a tree.
You visited 4 branches of the dungeon, and saw 17 of its levels.

You collected 1160 gold pieces.
You spent 126 gold pieces at shops.

Inventory:

Hand Weapons
 a - the +6 falchion of Ongo (weapon) {heavy, Str+4 Dex+5 Stlth-}
   (You found it on level 3 of the Dungeon)

   Str+4:     It affects your strength (+4).
   Dex+5:     It affects your dexterity (+5).
   Stlth-:    It makes you less stealthy.
 r - a +0 trident
 s - a +4 dagger of freezing
 v - a +1 dagger of venom
 w - a +2 dagger of holy wrath
 S - a +2 falchion of holy wrath
 U - the +6 falchion "Jedoawox" {speed, rN++}
   (You took it off a centaur on level 3 of the Lair of Beasts)

   rN++:      It greatly protects you from negative energy.
Missiles
 m - 13 curare-tipped darts
 y - 3 poisoned darts
 K - 11 boomerangs (quivered)
Armour
 b - a +0 troll leather armour
 e - a +1 cloak (melded)
 j - a +3 leather armour of willpower (melded)
 n - a +0 pair of gloves (melded)
 P - a +1 robe of cold resistance
Jewellery
 f - an amulet of magic regeneration (around neck)
 i - a ring of poison resistance (left branch)
 D - a +6 ring of dexterity (right branch)
 I - a ring of wizardry
Wands
 c - a wand of quicksilver (7)
 L - a wand of paralysis (10)
 M - a wand of flame (11)
 O - a wand of mindburst (16)
 V - a wand of roots (6)
Scrolls
 d - a scroll of silence
 h - 2 scrolls of teleportation {unknown}
 k - a scroll of enchant armour {unknown}
 o - a scroll of enchant weapon {unknown}
 p - 3 scrolls of revelation
 x - a scroll of acquirement {unknown}
 C - a scroll of noise {unknown}
 F - 2 scrolls of fog {unknown}
 H - a scroll of fear {unknown}
 N - a scroll of torment {unknown}
 R - a scroll of poison
Potions
 g - 5 potions of degeneration {unknown}
 l - a potion of lignification
 q - a potion of berserk rage {unknown}
 t - 6 potions of mutation
 u - a potion of invisibility
 z - a potion of might
 A - a potion of brilliance {unknown}
 E - a potion of attraction
 J - 3 potions of cancellation {unknown}
 Q - a potion of resistance {unknown}
 T - a potion of enlightenment {unknown}


   Skills:
 + Level 5.4 Fighting
 + Level 1.2(8.3) Short Blades
 * Level 12.8(12.9) Long Blades
 + Level 3.9 Throwing
 + Level 5.8 Armour
 * Level 9.2 Dodging
 + Level 3.4 Stealth
 * Level 9.0 Spellcasting
 * Level 4.6 Conjurations
 + Level 5.0 Necromancy
 + Level 4.6 Translocations
 + Level 5.6 Fire Magic
 * Level 6.5 Ice Magic
 - Level 9.2 Air Magic


You had 3 spell levels left.
You knew the following spells:

 Your Spells              Type           Power      Damage    Failure   Level
a - Ozocubu's Armour      Ice            31%        N/A       1%          3
b - Blink                 Tloc           48%        N/A       1%          2
g - Ozocubu's Refrigerat  Ice            15%        4d10      75%         7
h - Vhi's Electric Charg  Tloc/Air       66%        N/A       4%          4
o - Scorch                Fire           56%        2d7       1%          2
p - Apportation           Tloc           48%        N/A       1%          1
w - Fugue of the Fallen   Necr           26%        N/A       3%          3
z - Freezing Cloud        Conj/Ice/Air   16%        6-21      4%          5

Your spell library contained the following spells:

 Spells                   Type           Power      Damage    Failure   Level
 Foxfire                  Conj/Fire      100%       2x1d9     1%          1
 Necrotise                Necr           100%       1d9       1%          1
 Sting                    Conj/Alch      64%        1d7       1%          1
 Lesser Beckoning         Tloc           48%        N/A       1%          2
 Sublimation of Blood     Necr           26%        N/A       1%          2
 Teleport Other           Tloc           24%        N/A       4%          3
 Summon Small Mammal      Summ           32%        N/A       9%          1
 Call Imp                 Summ           16%        N/A       13%         2
 Jinxbite                 Hex            16%        N/A       13%         2
 Animate Dead             Necr           26%        N/A       11%         4
 Manifold Assault         Tloc           24%        N/A       13%         4
 Plasma Beam              Fire/Air       17%        2x1d28    17%         6
 Starburst                Conj/Fire      13%        6d5       38%         6
 Yara's Violent Unravell  Hex/Alch       4%         3d4       50%         5
 Borgnjor's Vile Clutch   Necr/Erth      8%         N/A       65%         5
 Death Channel            Necr           13%        N/A       86%         6
 Enfeeble                 Hex            4%         N/A       100%        7
 Summon Hydra             Summ           4%         N/A       100%        7


Dungeon Overview and Level Annotations

Branches:
Dungeon (10/15)            Temple (1/1) D:7            Lair (4/5) D:9
 Shoals (0/4) Lair:3       Spider (0/4) Lair:2          Orc (2/2) D:10
  Slime: Lair:4-5       Elf: Orc:2

Altars:
Ashenzari
Cheibriados
Dithmenos
Elyvilon
Fedhas
Gozag
Hepliaklqana
Kikubaaqudgha
Makhleb
Nemelex Xobeh
Okawaru
Qazlal
Ru
Sif Muna
Trog
Uskayaw
Vehumet
Wu Jian
Xom
Yredelemnul
Zin
The Shining One

Shops:
D:8 (   Orc:1 *

Annotations:
D:6 1 runed translucent door, BeingJoeMalik's ghost, weakling MfDe
Lair:1 exclusion: oklob plant
Orc:1 Jorgrun


Innate Abilities, Weirdness & Mutations

You are a tree.
Your roots penetrate the ground, keeping you stationary.
You cannot be teleported.
You are immune to unholy pain and torment.
Your maximum health is greatly increased.
Your equipment is partially melded.
((You have a beak for a mouth.))
((You have claws for feet.))
Your magical flight helps you evade attacks. (EV +4)
You can magically evade attacks while moving or waiting.


Message History

Confirm with . or Enter, or press ? or * to list all spells.
Aiming: Freezing Cloud (dangerous; 4% risk of failure)
Press: ? - help, Dir - move target
Okay, then.
Press: ? - help, v - describe, . - travel
Here: Jorgrun, wielding a +0 heavy quarterstaff and wearing a +0 robe of cold resistance (moderately wounded)
The floor, spattered with blood.
Unknown command.
Casting: Freezing Cloud (dangerous; 4% risk of failure)
Confirm with . or Enter, or press ? or * to list all spells.
Flames lash Jorgrun.
Jorgrun is heavily wounded.
Jorgrun's fire resistance burns away.
Jorgrun hits you but does no damage. The grasping roots constrict you!
* * * LOW HITPOINT WARNING * * *
Okay, then.
Unknown command.
Casting: Scorch (safe; 1% risk of failure)
Confirm with . or Enter, or press ? or * to list all spells.
Flames lash Jorgrun.
Jorgrun is burned terribly!
Jorgrun is heavily wounded.
Casting: Scorch (safe; 1% risk of failure)
Confirm with . or Enter, or press ? or * to list all spells.
Flames lash Jorgrun.
Jorgrun is burned terribly!
Jorgrun is heavily wounded.
Jorgrun hits you but does no damage. The grasping roots constrict you!
* * * LOW HITPOINT WARNING * * *
You are confused.
You feel invigorated. Jorgrun hits you but does no damage.
The grasping roots constrict you!
* * * LOW HITPOINT WARNING * * *
You swing at nothing.
You barely miss Jorgrun.
Jorgrun is heavily wounded.
Jorgrun points at you and mumbles some strange words.
You struggle to resist.
The grasping roots constrict you!
* * * LOW HITPOINT WARNING * * *
You swing at nothing.
Jorgrun hits you but does no damage. The grasping roots constrict you!!
You die...

### #.## ### ###..#
####.## ###°.○#.#
##.....#
##...°°######.......
#..♣g.§....###......
##.........#.#......
####.............##...
#......##.........#...
##....##.#......#####.
#....)..........####.
##................##.
#..........#......#.
#.........###......#


You could see Jorgrun (combustible).

Vanquished Creatures
  An ettin (Orc:1)
  3 hydras
  Erolcha (D:10)
  A two-headed ogre (D:10)
  4 death yaks (Lair:4)
  An orc high priest (Orc:2)
  Sonja (Orc:1)
  Nergalle (Orc:1)
  A pharaoh ant (Lair:2)
  Amaemon (Lair:1)
  Pikel (D:7)
  An orc knight (Orc:1)
  An orc sorcerer (Orc:2)
  3 elephants (Lair:2)
  Joseph (D:7)
  3 black mambas (Lair:2)
  2 kobold blastminers (Orc:2)
  2 orange demons
  6 cane toads
  3 rime drakes
  5 komodo dragons
  Psyche (D:10)
  A polar bear (Lair:3)
  A troll (Orc:1)
  10 blink frogs
  5 dream sheep (Lair:3)
  A raiju (Orc:1)
  2 shadows (D:10)
  A vampire (D:10)
  2 wyverns
  A fire bat (Orc:1)
  A human (D:10)
  4 wargs
  19 yaks
  5 basilisks
  A redback (Lair:2)
  Eustachio (D:5)
  2 steam dragons
  Menkaure (D:5)
  Duvessa (D:4)
  13 water moccasins
  A hell hound (Orc:1)
  9 orc warriors
  An ice beast (D:7)
  A sky beast (D:7)
  3 black bears (D:6)
  7 ogres
  9 wolves
  A lemure (D:7)
  2 phantoms
  15 centaurs
  A kobold brigand (D:5)
  10 bullfrogs
  6 scorpions
  8 wights
  Dowan (D:4)
  An electric eel (D:8)
  8 howler monkeys
  6 hounds
  8 jellies
  2 bombardier beetles
  2 sleepcaps
  A gnoll bouda (D:8)
  21 orc priests
  4 iguanas
  4 hell rats (Lair:3)
  9 orc wizards
  3 gnolls (D:8)
  5 adders
  A shadow imp (D:7)
  3 white imps
  A dart slug (D:2)
  A ribbon worm (D:5)
  49 orcs
  8 ball pythons
  4 bats
  15 endoplasms
  12 giant cockroaches
  8 goblins
  7 hobgoblins
  2 jackals (D:5)
  3 quokkas (D:2)
  3 frilled lizards (D:1)
  15 kobolds
  A rat (D:3)
398 creatures vanquished.

Notes
Turn   | Place    | Note
-------+----------+-------------------------------------------
     0 | D:1      | Esekla the Tengu Warper began the quest for the Orb.
     0 | D:1      | Reached XP level 1. HP: 12/12 MP: 4/4
   209 | D:1      | Reached XP level 2. HP: 13/17 MP: 6/6
   229 | D:1      | Learned a level 2 spell: Blink
   646 | D:2      | Reached XP level 3. HP: 21/21 MP: 7/7
  1432 | D:3      | Identified the +6 falchion of Ongo {heavy, Str+4 Dex+5
                  | Stlth-}
  1451 | D:3      | Found a faded altar of an unknown god.
  1457 | D:3      | Reached skill level 3 in Long Blades
  1487 | D:3      | Reached XP level 4. HP: 19/26 MP: 8/8
  1799 | D:3      | Noticed an ogre
  2311 | D:3      | Reached XP level 5. HP: 32/32 MP: 9/9
  2476 | D:4      | Noticed Dowan
  2476 | D:4      | Noticed Duvessa
  2503 | D:4      | Killed Duvessa
  2504 | D:4      | Reached skill level 4 in Long Blades
  2504 | D:4      | Reached XP level 6. HP: 27/36 MP: 10/10
  2522 | D:4      | Killed Dowan
  2804 | D:4      | Reached skill level 5 in Long Blades
  2804 | D:4      | Reached skill level 1 in Air Magic
  2804 | D:4      | Gained mutation: Your magical flight helps you evade
                  | attacks. (EV +4) [Tengu growth]
  2804 | D:4      | Reached XP level 7. HP: 38/41 MP: 12/12
  2929 | D:4      | Reached skill level 1 in Stealth
  3444 | D:5      | Entered Level 5 of the Dungeon
  3469 | D:5      | Noticed Menkaure
  3584 | D:5      | Killed Menkaure
  3585 | D:5      | Reached skill level 6 in Long Blades
  3585 | D:5      | Reached XP level 8. HP: 46/46 MP: 12/14
  3624 | D:5      | Learned a level 3 spell: Ozocubu's Armour
  3629 | D:5      | Learned a level 4 spell: Vhi's Electric Charge
  3633 | D:5      | Learned a level 3 spell: Fugue of the Fallen
  3674 | D:5      | Noticed Eustachio
  3685 | D:5      | Killed Eustachio
  3822 | D:5      | Learned a level 1 spell: Apportation
  4066 | D:5      | Reached skill level 7 in Long Blades
  4372 | D:6      | Reached skill level 5 in Dodging
  4372 | D:6      | Reached skill level 1 in Necromancy
  4431 | D:6      | Reached skill level 1 in Ice Magic
  4524 | D:6      | Reached XP level 9. HP: 50/51 MP: 15/15
  5034 | D:6      | Reached skill level 8 in Long Blades
  5051 | D:6      | Found a runed translucent door.
  5054 | D:6      | Noticed BeingJoeMalik's ghost (weakling MfDe)
  5333 | D:7      | Found a staircase to the Ecumenical Temple.
  5343 | Temple   | Entered the Ecumenical Temple
  5390 | Temple   | Became a worshipper of Vehumet
  5759 | D:7      | Noticed Pikel
  5782 | D:7      | Killed Pikel
  6263 | D:7      | Noticed a komodo dragon
  6289 | D:7      | Killed a komodo dragon
  6290 | D:7      | Reached skill level 9 in Long Blades
  6290 | D:7      | Reached skill level 5 in Air Magic
  6290 | D:7      | Reached XP level 10. HP: 56/56 MP: 15/17
  6340 | D:7      | Noticed Joseph
  6358 | D:7      | Killed Joseph
  6502 | D:8      | Reached skill level 5 in Armour
  6610 | D:8      | Found Aviof's Antique Weapon Shop.
  6849 | D:8      | Reached * piety under Vehumet
  6849 | D:8      | Offered knowledge of Sandblast by Vehumet.
  7903 | D:9      | Found a staircase to the Lair.
  8175 | D:9      | Offered knowledge of Static Discharge by Vehumet.
  8176 | D:9      | Reached skill level 10 in Long Blades
  8183 | D:9      | Reached ** piety under Vehumet
  8496 | D:10     | Entered Level 10 of the Dungeon
  8528 | D:10     | Noticed a two-headed ogre
  8549 | D:10     | Killed a two-headed ogre
  8550 | D:10     | Reached XP level 11. HP: 31/62 MP: 19/19
  9086 | D:10     | Found a staircase to the Orcish Mines.
  9111 | D:10     | Reached skill level 11 in Long Blades
  9226 | D:10     | Reached skill level 5 in Spellcasting
  9415 | D:10     | Noticed Erolcha
  9438 | D:10     | Killed Erolcha
  9438 | D:10     | Offered knowledge of Scorch by Vehumet.
  9446 | D:10     | Learned a level 2 spell: Scorch
  9479 | D:10     | Noticed Psyche
  9493 | D:10     | Killed Psyche
  9761 | D:10     | Found a broken altar of Ashenzari.
  9946 | Lair:1   | Entered Level 1 of the Lair of Beasts
 10296 | Lair:1   | Noticed Amaemon
 10306 | Lair:1   | Killed Amaemon
 10409 | Lair:1   | Reached skill level 5 in Fighting
 10409 | Lair:1   | Reached skill level 1 in Fire Magic
 10771 | Lair:1   | Noticed an oklob plant
 10789 | Lair:1   | Reached *** piety under Vehumet
 10839 | Lair:1   | Found a basalt altar of Yredelemnul.
 10915 | Lair:2   | Reached XP level 12. HP: 14/68 MP: 19/22
 11117 | Lair:2   | Offered knowledge of Fulminant Prism by Vehumet.
 11299 | Lair:2   | Noticed a six-headed hydra
 11344 | Lair:2   | Noticed a seven-headed hydra
 11860 | Lair:2   | Reached skill level 5 in Ice Magic
 11969 | Lair:2   | Reached skill level 12 in Long Blades
 12274 | Lair:2   | Found a hole to the Spider Nest.
 12569 | Lair:3   | Found a staircase to the Shoals.
 12575 | Lair:3   | Reached **** piety under Vehumet
 12577 | Lair:3   | Identified the +6 falchion "Jedoawox" {speed, rN++}
 12583 | Lair:3   | Offered knowledge of Freezing Cloud by Vehumet.
 12828 | Lair:3   | Learned a level 5 spell: Freezing Cloud
 12919 | Lair:3   | Reached skill level 1 in Conjurations
 13877 | Lair:4   | Noticed a six-headed hydra
 13885 | Lair:4   | Killed a six-headed hydra
 13886 | Lair:4   | Reached skill level 5 in Fire Magic
 13886 | Lair:4   | Reached XP level 13. HP: 30/72 MP: 25/25
 14096 | Lair:4   | HP: 1/72 [death yak (22)]
 15723 | Orc:1    | Entered Level 1 of the Orcish Mines
 15732 | Orc:1    | Noticed Sonja
 15733 | Orc:1    | Noticed Nergalle
 15734 | Orc:1    | Reached skill level 1 in Short Blades
 15736 | Orc:1    | Killed Sonja
 15740 | Orc:1    | Killed Nergalle
 15834 | Orc:1    | Reached ***** piety under Vehumet
 15852 | Orc:1    | Offered knowledge of Ozocubu's Refrigeration by Vehumet.
 15865 | Orc:1    | Learned a level 7 spell: Ozocubu's Refrigeration
 15911 | Orc:1    | Found a shimmering altar of Xom.
 16410 | Orc:1    | Found Firok's General Store.
 16415 | Orc:1    | Bought a scroll of immolation for 44 gold pieces
 16415 | Orc:1    | Bought a scroll of revelation for 82 gold pieces
 16443 | Orc:2    | Entered Level 2 of the Orcish Mines
 16661 | Orc:2    | Reached skill level 5 in Necromancy
 16875 | Orc:1    | Noticed an ettin
 16886 | Orc:1    | Killed an ettin
 17044 | Orc:1    | Noticed Jorgrun
 17059 | Orc:1    | Constricted to death by Jorgrun

Illustrated notes

Levels and vault maps discovered:
D:1:      dpeg_arrival_long_road, layout_basic
D:2:      layout_loops_ring
D:3:      minmay_roachtagon, layout_basic, ebering_ecumenical_altar_box
D:4:      minmay_chambers_of_threes, layout_rooms, chequers_big_river,
          uniq_duvessa
D:5:      cheibrodos_thug_alley, layout_basic, uniq_menkaure, uniq_eustachio
D:6:      layout_basic, ebering_ghost_reflecting_pool
D:7:      layout_basic, minmay_temple_entry_tees, kennysheep_minor_cross,
          hangedman_decor_push, uniq_pikel, uniq_joseph
D:8:      layout_gridville, serial_shops, shop, dreamdust_princess_corridor,
          serial_bayou_ford_a, minivault_23, centaur_isle
D:9:      layout_grid_maze, lair_entry_dummy
D:10:     layout_gridville, overflow_temple_1_default, erik_orc_4, uniq_erolcha,
          uniq_psyche
Temple:   nicolae_temple_the_god_donut
Lair:1:   lemuel_slime, layout_long_grid, lemuel_centaur_altar,
          infiniplex_staircase_pool, uniq_amaemon
Lair:2:   layout_cave_shapes, nicolae_spider_entry_lesser_pyramids
Lair:3:   layout_cave_shapes, minmay_shoals_entry_centaurs, serial_rivers,
          chequers_serial_rivers_small_3, chequers_serial_rivers_large_b,
          chequers_serial_rivers_small_b, chequers_serial_rivers_micro_b,
          chequers_serial_rivers_large_a, chequers_serial_rivers_marsh
Lair:4:   layout_cave_pods
Orc:1:    layout_diamond_mine, serial_shops, shop, regret_index_xom_of_box,
          uniq_nergalle, uniq_sonja, uniq_jorgrun
Orc:2:    st_orc_congregation, layout_caves

Skill      XL: |  1  2  3  4  5  6  7  8  9 10 11 12 13 |
---------------+----------------------------------------+-----
Long Blades    | 3 4 5 6 7 9 10 11 12 | 12.8
Dodging        | 3 4 5 7 8 9 |  9.2
Armour         | 2 3 4 5 |  5.8
Fighting       | 3 4 5 |  5.4
Spellcasting   | 3 4 6 7 9 |  9.0
Air Magic      | 1 2 4 5 6 7 8 9 |  9.2
Stealth        | 1 2 3 |  3.4
Throwing       | 2 3 |  3.9
Necromancy     | 1 2 3 4 5 |  5.0
Translocations | 3 4 |  4.6
Ice Magic      | 1 2 3 4 5 6 |  6.5
Fire Magic     | 1 5 |  5.6
Conjurations   | 2 4 |  4.6
Short Blades   | 1 |  1.2

Action                     |  1- 3 |  4- 6 |  7- 9 | 10-12 | 13-15 || total
---------------------------+-------+-------+-------+-------+-------++-------
  Melee: Falchion          |    73 |    67 |   140 |   444 |   154 ||   878
         Kick              |    16 |    14 |    33 |   152 |    70 ||   285
         Peck              |     9 |    10 |    21 |   101 |    42 ||   183
         Dagger            |     1 |       |     2 |    14 |     9 ||    26
         Punch             |       |     1 |     2 |     4 |     4 ||    11
  Throw: Dart              |     6 |    12 |    33 |    19 |    11 ||    81
         Boomerang         |       |       |       |    17 |    18 ||    35
   Cast: Apportation       |       |       |     2 |     2 |     4 ||     8
         Blink             |       |       |     3 |     3 |     4 ||    10
         Fugue of the Fall |       |       |       |    18 |     9 ||    27
         Vhi's Electric Ch |       |       |       |     1 |       ||     1
         Ozocubu's Armour  |       |       |       |    30 |    21 ||    51
         Scorch            |       |       |       |    50 |    15 ||    65
         Freezing Cloud    |       |       |       |     5 |    17 ||    22
  Evoke: Wand              |       |       |       |       |     2 ||     2
    Use: Potion            |       |     1 |       |     6 |     3 ||    10
         Scroll            |       |       |     5 |     6 |     2 ||    13
   Stab: Sleeping          |       |       |     2 |     3 |     1 ||     6
         Invisible         |       |       |       |     1 |       ||     1
         Distracted        |       |       |       |     1 |       ||     1
 Armour: Leather armour    |    32 |    28 |    68 |   249 |    63 ||   440
         Skin              |       |     5 |     1 |       |     6 ||    12
  Dodge: Dodged            |    57 |    52 |   173 |   773 |   172 ||  1227
